 Dungeon Crawl Stone Soup version 0.14.2 (webtiles) character file.

184 Freeplumber the Sneak (level 4, 0/24 HPs)
             Began as a Kobold Assassin on June 4, 2016.
             Succumbed to a kobold's poison
             ... on Level 3 of the Dungeon.
             The game lasted 00:11:24 (1392 turns).

Freeplumber the Sneak (Kobold Assassin)             Turns: 1392, Time: 00:11:24

HP   0/24        AC  5     Str 11      XL: 4   Next: 48%
MP   4/4         EV 13     Int 11      God:
Gold 112         SH  0     Dex 16      Spells:  0 memorised,  3 levels left

rFire  . . .     SeeInvis .     a - +3,+2 dagger
rCold  . . .     Clarity  .     h - +1 leather armour
rNeg   . . .     Conserve .     (no shield)
rPois  .         rCorr    .     (no helmet)
rElec  .         rRot     .     d - +0 cloak
SustAb . .       Spirit   .     (no gloves)
rMut   .         Warding  .     (no boots)
Saprov + + .     Stasis   .     (no amulet)
MR     .....                    (no ring)
                                (no ring)

@: lethally poisoned, not resistant to hostile enchantments, quite stealthy
A: disease resistance, carnivore 3, clever 1, deterioration 1, fast metabolism
2, frail 1, saprovore 2
a: no special abilities


You were on level 3 of the Dungeon.
You were not hungry.

You visited 1 branch of the dungeon, and saw 3 of its levels.

You collected 112 gold pieces.

Inventory:

Hand weapons
 a - a +3,+2 dagger (weapon)
 b - a +0 blowgun
 j - a +0,+0 short sword
 o - a +0 blowgun
 p - a cursed -1,-2 dagger
 q - a +0,+0 sling
 s - a +0,+0 sling
 u - a +0,+0 short sword
Missiles
 e - 13 poisoned needles
 f - 2 curare-tipped needles
 m - 2 darts of frost
 r - 21 stones (quivered)
Armour
 c - a +0 robe
 d - a +0 cloak (worn)
 h - a +1 leather armour (worn)
Comestibles
 g - a meat ration
 n - a choko
 v - a rotting chunk of bat flesh
Scrolls
 i - 3 scrolls of teleportation
 t - a scroll of remove curse
Jewellery
 k - an uncursed ring of sustain abilities {unknown}
Potions
 l - a potion of heal wounds {unknown}


   Skills:
 + Level 2.5 Fighting
 + Level 3.3 Short Blades
 + Level 2.9 Throwing
 + Level 0.1 Armour
 + Level 2.5 Dodging
 + Level 6.4 Stealth


You had 3 spell levels left.
You didn't know any spells.

Dungeon Overview and Level Annotations

Branches:
Dungeon (3/15)

Altars:


Innate Abilities, Weirdness & Mutations

You recuperate from illness quickly.
You are small and have problems with some larger weapons.
You are carnivorous and can eat meat at any time.
You can eat rotten meat.
Your mind is acute. (Int +2)
Your body is slowly deteriorating.
You have a very fast metabolism.
You are frail (-10% HP).


Message History

* * * LOW HITPOINT WARNING * * *
You feel sick.
The kobold shoots a poisoned needle.
The poisoned needle misses you.
You see here a poisoned needle.
* * * LOW HITPOINT WARNING * * *
You feel sick.
* * * LOW HITPOINT WARNING * * *
You feel sick.
The kobold unwields an uncursed blowgun.
The kobold hits you but does no damage.
You smell something rotten. (slot v)
You hit the kobold.
The kobold is severely wounded.
* * * LOW HITPOINT WARNING * * *
You feel sick.
You hit the kobold.
You kill the kobold!
* * * LOW HITPOINT WARNING * * *
You feel sick.
You die...

.... .... ### #### ..
#.# #### #### #. ...
.... .....#.########.#
#### #......##.##.#
###.. #.....(((.##.#
#.... #....@.##.##.#
#.... #......##.##.#
#....
#......##.##.#####....
#.#######............#
#. ####.######### #
#.# #.# ###.###
#.....#


There were no monsters in sight!

Vanquished Creatures
  Ijyb (D:2)
  2 worms
  2 giant geckos
  A ball python (D:1)
  8 bats
  2 goblins
  3 hobgoblins (D:1)
  7 kobolds
  A quokka (D:3)
  A giant newt (D:3)
  6 jackals (D:2)
  5 rats
39 creatures vanquished.

Notes
Turn   | Place    | Note
--------------------------------------------------------------
     0 | D:1      | Freeplumber, the Kobold Assassin, began the quest for the Orb.
     0 | D:1      | Reached XP level 1. HP: 12/12 MP: 1/1
   313 | D:1      | Reached XP level 2. HP: 13/18 MP: 2/2
   754 | D:2      | Noticed Ijyb
   762 | D:2      | Reached XP level 3. HP: 13/22 MP: 3/3
   781 | D:2      | Reached skill level 6 in Stealth
  1034 | D:2      | Gained mutation: Your mind is acute. (Int +2) [potion of mutation]
  1034 | D:2      | Gained mutation: You have a fast metabolism. [potion of mutation]
  1034 | D:2      | Gained mutation: You are frail (-10% HP). [potion of mutation]
  1044 | D:2      | Killed Ijyb
  1044 | D:2      | Reached XP level 4. HP: 8/24 MP: 4/4
  1097 | D:2      | Gained mutation: You have a very fast metabolism. [potion of mutation]
  1097 | D:2      | Gained mutation: Your body is slowly deteriorating. [potion of mutation]
  1392 | D:3      | Succumbed to a kobold's poison

Action                   |  1- 3 |  4- 6 || total
-------------------------+-------+-------++-------
Melee: Dagger            |   119 |    46 ||   165
Throw: Stone             |     5 |     1 ||     6
  Use: Scroll            |     6 |       ||     6
       Potion            |     2 |     4 ||     6
 Stab: Sleeping          |     7 |     1 ||     8
